 Dungeon Crawl Stone Soup version 0.29-a0-1047-g7c58e119a4 (webtiles) character file.

Game seed: 11379486903521614814

177 IdlyInterested the Trooper (level 5, -13/46 HPs)
             Began as a Demonspawn Wanderer on Aug 16, 2022.
             Mangled by an ogre
             ... wielding a +0 giant spiked club
              (15 damage)
             ... on level 4 of the Dungeon.
             The game lasted 00:10:14 (2982 turns).

IdlyInterested the Trooper (Demonspawn Wanderer)    Turns: 2982, Time: 00:10:14

Health: -13/46     AC: 10    Str: 14    XL:     5   Next: 30%
Magic:  5/5        EV: 11    Int: 12    God:
Gold:   133        SH:  5    Dex: 14    Spells: 4/4 levels left

rFire   + . .      SeeInvis .   a - +3 hand axe
rCold   . . .      Faith    .   (no shield)
rNeg    . . .      Spirit   .   b - +1 leather armour {rF+}
rPois   .          Reflect  +   f - +1 hat
rElec   .          Harm     .   (no cloak)
rCorr   +          Rampage  .   (no gloves)
Will    .....                   l - +2 pair of boots
Stlth   +.........              j - amulet of reflection
HPRegen 0.15/turn               p - ring of resist corrosion
MPRegen 0.09/turn               (no ring)

@: no status effects
A: molten scales 1, spiny 1, demonic magic 1
a: no special abilities


You were on level 4 of the Dungeon.
You visited 1 branch of the dungeon, and saw 4 of its levels.

You collected 133 gold pieces.

Inventory:

Hand Weapons
 a - a +3 hand axe (weapon)
 h - a +3 mace
 t - a +0 battleaxe
Missiles
 i - 3 boomerangs (quivered)
 v - 6 poisoned darts
Armour
 b - a +1 leather armour of fire resistance (worn)
 f - a +1 hat (worn)
 k - a +0 plate armour
 l - a +2 pair of boots (worn)
 q - a +0 crystal plate armour
 w - a +0 chain mail
Jewellery
 j - an amulet of reflection (around neck)
 p - a ring of resist corrosion (left hand)
Wands
 m - a wand of iceblast (7)
Scrolls
 c - a scroll of fear
 g - a scroll of butterflies
 u - 2 scrolls of magic mapping
Potions
 o - a potion of magic
 s - 2 potions of curing
 x - a potion of cancellation


   Skills:
 + Level 5.9 Fighting
 + Level 3.8(3.9) Axes
 - Level 1.0(2.5) Polearms
 - Level 1.0 Throwing
 + Level 1.3 Armour
 - Level 1.0 Dodging
 - Level 1.0 Stealth
 - Level 1.0 Evocations


You had 4 spell levels left.
You didn't know any spells.
Your spell library contained the following spells:

 Spells                   Type           Power      Damage    Failure   Level
 Summon Small Mammal      Summ           0%         N/A       38%         1
 Call Canine Familiar     Summ           0%         N/A       77%         3
 Summon Guardian Golem    Hex/Summ       0%         N/A       77%         3
 Tukima's Dance           Hex            0%         N/A       77%         3
 Passage of Golubria      Tloc           0%         N/A       99%         4
 Yara's Violent Unravell  Hex/Tmut       0%         3d3       100%        5


Dungeon Overview and Level Annotations

Branches:
Dungeon (4/15)
 Temple: D:4-7

Altars:

Shops:
D:2 [

Annotations:
D:4 4 runed translucent doors


Innate Abilities, Weirdness & Mutations

You are partially covered in molten scales. (AC +2)
You are partially covered in sharp spines.
Spells you cast may paralyse adjacent enemies.


Message History

The gnoll closely misses you. The gnoll is struck by your spines.
You kill the gnoll!
Things that are here:
a +0 whip; a +0 whip; a gnoll corpse
Things that are here:
a +0 spear; a gnoll corpse You see here a +0 club.
You open the door.
Found a potion of attraction.
An ogre comes into view. It is wielding a +0 giant spiked club.
There is an open door here.
An adder comes into view.
The ogre shouts!
The ogre is struck by your spines.
The ogre hits you with a +0 giant spiked club!
You hit the ogre.
The ogre is moderately wounded.
An endoplasm comes into view.
You closely miss the ogre.
The ogre is moderately wounded.
The ogre hits you with a +0 giant spiked club!
The endoplasm quivers.
You hit the ogre but do no damage.
The ogre is moderately wounded.
The ogre hits you with a +0 giant spiked club!
* * * LOW HITPOINT WARNING * * *
You hit the ogre.
The ogre is heavily wounded.
You completely miss the ogre.
The ogre is heavily wounded.
You block the ogre's attack.
You hit the ogre.
The ogre is severely wounded.
The ogre is struck by your spines.
The ogre hits you with a +0 giant spiked club!
* * * LOW HITPOINT WARNING * * *
You hit the ogre.
The ogre is almost dead.
The ogre hits you with a +0 giant spiked club!
You die...

### ..##
######..######
#.JSO##......#
##@#.####.###
#..#........##
#.#!'.##++##..##
#######8oo8##..#
#8....8#..#
#|....[#..#
#?....[#.)#
#8....8#))#
###8..8##..#


You could see an ogre, an adder and an endoplasm.

Vanquished Creatures
  5 gnolls
  5 adders
  A worm (D:2)
  4 dart slugs
  An orc (D:3)
  10 ball pythons
  5 bats
  7 endoplasms
  4 giant cockroaches
  6 goblins
  4 hobgoblins
  8 jackals (D:1)
  4 kobolds
  A quokka (D:2)
  A frilled lizard (D:1)
  5 rats
71 creatures vanquished.

Notes
Turn   | Place    | Note
-------+----------+-------------------------------------------
     0 | D:1      | IdlyInterested the Demonspawn Wanderer began the quest for
                  | the Orb.
     0 | D:1      | IdlyInterested set off with the following items: a +3 hand
                  | axe, a +0 spear, a scroll of fear, a +0 robe.
     0 | D:1      | Reached XP level 1. HP: 21/21 MP: 1/1
   218 | D:1      | Gained mutation: You are partially covered in molten
                  | scales. (AC +2) [demonic ancestry]
   218 | D:1      | Reached XP level 2. HP: 17/27 MP: 2/2
   247 | D:1      | Reached skill level 1 in Stealth
   488 | D:1      | Gained mutation: Spells you cast may paralyse adjacent
                  | enemies. [demonic ancestry]
   488 | D:1      | Reached XP level 3. HP: 31/33 MP: 3/3
   621 | D:1      | Reached skill level 1 in Evocations
  1314 | D:2      | Found Ejuyzar's Antique Armour Shop.
  1356 | D:2      | Gained mutation: You are partially covered in sharp spines.
                  | [demonic ancestry]
  1356 | D:2      | Reached XP level 4. HP: 39/39 MP: 4/4
  1406 | D:2      | Found a faded altar of an unknown god.
  1685 | D:2      | Reached skill level 1 in Throwing
  2316 | D:3      | Reached skill level 1 in Dodging
  2830 | D:4      | Reached XP level 5. HP: 43/46 MP: 5/5
  2853 | D:4      | Found a large runed translucent door.
  2853 | D:4      | Found a large runed translucent door.
  2863 | D:4      | Found a large runed translucent door.
  2863 | D:4      | Found a large runed translucent door.
  2973 | D:4      | Noticed an ogre
  2981 | D:4      | HP: 2/46 [ogre/+0 giant spiked club (9)]
  2982 | D:4      | Mangled by an ogre

Illustrated notes

Levels and vault maps discovered:
D:1:      minmay_arrival_hallway, layout_loops_ring, wad_floor_pattern_1,
          chequers_serial_rivers_room_b
D:2:      layout_basic, serial_shops, nicolae_shop_behind_doors,
          basic_ecumenical_altar, minmay_mini_jars
D:3:      layout_basic, kennysheep_path_1
D:4:      layout_loops_ring, minmay_temple_entry_mist,
          hangedman_decor_clover_reticule, grunt_decor_clamped,
          amcnicky_mini_corridor_feature, minmay_hollow_rounded_squares

Skill      XL: |  1  2  3  4 |
---------------+-------------+-----
Axes           | 3 |  3.8
Stealth        | 1 |  1.0
Evocations     | 1 |  1.0
Throwing       | 1 |  1.0
Dodging        | 1 |  1.0
Fighting       | |  5.9
Polearms       | |  1.0
Armour         | |  1.3

Action                   |  1- 3 |  4- 6 || total
-------------------------+-------+-------++-------
Melee: Hand axe          |   104 |    57 ||   161
  Use: Scroll            |     2 |     6 ||     8
       Potion            |     1 |     1 ||     2
 Stab: Sleeping          |     3 |       ||     3
Armor: Robe              |    18 |       ||    18
       Leather armour    |    29 |     5 ||    34
       Scale mail        |       |     9 ||     9
       Chain mail        |       |     2 ||     2
Dodge: Dodged            |    66 |    17 ||    83
Block: Other             |     1 |     7 ||     8

Table legend: (Time is in decaauts)
 A = Elapsed time spent in this place.
 B = Non-inter-level travel time spent in this place.
 C = Inter-level travel time spent in this place.
 D = Time resting spent in this place.
 E = Time spent auto-exploring this place.
 F = Levels seen in this place.
 G = Mean time per level.
                   A        B        C        D        E       F      G
               +--------+--------+--------+--------+--------+-----+--------+
         Total |   3007 |   2568 |    439 |    489 |   1332 |   4 |  751.8 |
       Dungeon |   3007 |   2568 |    439 |    489 |   1332 |   4 |  751.8 |
               +--------+--------+--------+--------+--------+-----+--------+

Top non-repeatable levels by time:
     D:1: 1134 daAuts
     D:2: 949 daAuts
     D:3: 751 daAuts
     D:4: 172 daAuts
